AoeStats
← 只会打步弓

Arabia

509336975Analyzed
3v3 RM · 7d ago on Sep 26, 2026· 47m 48s· 6 players
Game mode
Random Map
Map size
Normal (6 player)
Population
200
Speed
Normal
Resources
Standard
Victory
Conquest
Starting age
Dark Age
Ending age
Imperial Age
RankedLock teamsTeams togetherTeam positionsShared explorationLock speedFull tech treeHidden civsTurbo modeCheats
Victory
Defeat
🇨🇳 Huns · China
1623
+11
🇨🇳 Cumans · China
1588
+12
🇨🇳 Magyars · China
1571
+13
🇬🇧 Varangians · United Kingdom
1590
-16
🇬🇧 Vikings · United Kingdom
1511
-12
🇨🇳 Japanese · China
1400
-8
LUCKY
3:22 Loom
9:55 Feudal Age
10:23 Town Watch
10:30 Double-Bit Axe
11:55 Horse Collar
18:51 Wheelbarrow
19:23 Fletching
27:03 Castle Age
26:05 Stone Mining
27:57 Bow Saw
27:57 Heavy Plow
28:40 Bodkin Arrow
32:17 Hand Cart
33:17 Gold Mining
35:37 Gold Shaft Mining
39:35 Imperial Age
37:39 Bloodlines
37:29 Husbandry
36:50 Light Cavalry
37:35 Marauders
39:07 Scale Barding Armor
39:13 Forging
40:45 Chain Barding Armor
39:54 Elite Tarkan
42:13 Plate Barding Armor
44:09 Iron Casting
46:33 Blast Furnace
47:34 Hussar
只会打步弓
6:05 Loom
9:17 Feudal Age
10:20 Double-Bit Axe
17:44 Horse Collar
22:18 Castle Age
20:46 Bloodlines
21:22 Scale Barding Armor
22:26 Light Cavalry
23:06 Husbandry
23:31 Chain Barding Armor
42:14 Wheelbarrow
44:18 Hand Cart
44:53 Bow Saw
44:51 Heavy Plow
45:26 Fletching
46:16 Bodkin Arrow
46:14 Gold Mining
46:15 Stone Mining
小胖子
6:11 Loom
8:53 Feudal Age
10:05 Double-Bit Axe
10:01 Horse Collar
21:30 Castle Age
21:07 Wheelbarrow
21:05 Scale Barding Armor
21:11 Bloodlines
22:25 Bow Saw
24:39 Chain Barding Armor
25:20 Gold Mining
27:59 Heavy Plow
28:32 Forging
34:47 Imperial Age
33:34 Iron Casting
33:36 Hand Cart
35:30 Gold Shaft Mining
34:53 Cavalier
36:09 Plate Barding Armor
36:16 Town Watch
37:54 Blast Furnace
36:38 Paladin
39:17 Coinage
40:58 Banking
40:52 Guilds
44:43 Elite Kipchak
45:45 Conscription
45:34 Stone Mining
45:45 Town Patrol
Cicdolfin
7:24 Loom
9:50 Feudal Age
10:25 Double-Bit Axe
14:39 Horse Collar
17:00 Gold Mining
17:39 Fletching
22:42 Castle Age
22:53 Padded Archer Armor
22:47 Crossbowman
23:28 Bodkin Arrow
23:55 Bow Saw
24:13 Heavy Plow
25:20 Ballistics
32:27 Imperial Age
34:22 Chemistry
33:26 Bracer
32:57 Arbalester
35:21 Leather Archer Armor
39:23 Murder Holes
40:03 Conscription
630406632
10:02 Feudal Age
9:51 Loom
10:33 Double-Bit Axe
16:03 Horse Collar
16:33 Fletching
21:58 Castle Age
22:58 Bow Saw
22:11 Pikeman
22:39 Arson
22:33 Elite Skirmisher
23:47 Squires
26:59 Wheelbarrow
27:48 Bodkin Arrow
28:50 Gold Mining
29:09 Stone Mining
30:36 Guard Tower
31:20 Heavy Plow
32:05 Town Watch
35:40 Imperial Age
33:41 Hand Cart
34:19 Gold Shaft Mining
34:08 Padded Archer Armor
34:45 Ballistics
34:46 Yasama
36:05 Halberdier
36:49 Scale Mail Armor
36:59 Forging
36:57 Gambesons
37:42 Kataparuto
37:43 Conscription
37:35 Bracer
38:34 Keep
39:59 Two-Man Saw
40:43 Chain Mail Armor
41:05 Iron Casting
41:03 Leather Archer Armor
41:53 Chemistry
40:39 Arrowslits
41:05 Masonry
44:37 Siege Engineers
Locke
8:47 Feudal Age
9:49 Double-Bit Axe
11:50 Loom
15:00 Forging
17:16 Wheelbarrow
16:24 Horse Collar
18:08 Bloodlines
23:35 Castle Age
21:43 Gold Mining
22:28 Scale Barding Armor
23:43 Light Cavalry
25:18 Chain Barding Armor
25:14 Husbandry
26:17 Stone Mining
28:55 Hand Cart
31:20 Town Watch
33:56 Heavy Plow
34:10 Vendel Legacy
36:36 Stone Shaft Mining
38:28 Fletching
Connection lost

Rejoining the realm…

Still unreachable

The connection could not be restored.

Session expired

The server has moved on; the page needs a fresh start.